 Dungeon Crawl Stone Soup version 0.18.1-8-gdd0e5ea (webtiles) character file.

2238 zeroDi the Covert (level 9, 0/42 HPs)
             Began as a Vine Stalker Assassin on May 29, 2016.
             Slain by a killer bee (5 damage)
             ... on level 7 of the Dungeon.
             The game lasted 00:17:32 (5034 turns).

zeroDi the Covert (Vine Stalker Assassin)           Turns: 5034, Time: 00:17:32

Health: 0/42       AC:  7    Str: 15    XL:     9   Next: 36%
Magic:  0/19       EV: 11    Int: 15    God:
Gold:   278        SH:  0    Dex: 18    Spells: 0 memorised, 8 levels left

rFire  . . .     SeeInvis .     R - +3 trident "Niffoczo" {pierce, *Contam rPois MP+9 Int+4} (curse)
rCold  . . .     Gourm    .     Q - +0 leather armour {MR+}
rNeg   . . .     Faith    .     (no shield)
rPois  +         Spirit   +     (no helmet)
rElec  .         Dismiss  .     d - +0 cloak
rCorr  .         Reflect  .     M - +2 pair of gloves
SustAt .         Harm     .     (no boots)
MR     +++..                    j - amulet of regeneration
Stlth  ++++......               (no ring)
                                o - ring of protection from magic

@: lethally poisoned (0 -> -1), extremely resistant to hostile enchantments,
stealthy
A: fangs 3, regeneration 2, magic shield, antimagic bite, no device heal 3, rot
immunity
a: no special abilities


You were on level 7 of the Dungeon.
You were hungry.

You visited 2 branches of the dungeon, and saw 8 of its levels.

You collected 278 gold pieces.


Innate Abilities, Weirdness & Mutations

You have razor-sharp teeth.
You heal very quickly.
When hurt, damage is shared between your health and your magic reserves.
Your bite disrupts and absorbs the magic of your enemies.
Potions and wands cannot restore your health.
You are immune to rotting.


   Skills:
 - Level 1.7 Fighting
 * Level 8.5 Short Blades
 + Level 4.2 Throwing
 - Level 0.7 Dodging
 - Level 10.2 Stealth


You had 8 spell levels left.
You didn't know any spells.

Inventory:

Hand Weapons
 a - a +2 dagger
 b - a +0 blowgun
 I - a +5 flail of crushing
 R - the cursed +3 trident "Niffoczo" (weapon) {pierce, *Contam rPois MP+9 Int+4}
   (You found it on level 7 of the Dungeon)

   It inflicts extra damage upon your enemies.
   It affects your intelligence (+4).
   It protects you from poison.
   It affects your magic capacity (+9).
   It causes magical contamination when unequipped.
   It has a curse placed upon it.
Missiles
 e - 49 poisoned needles
 f - 2 curare-tipped needles {=f}
 h - 4 needles of confusion
 Y - 6 tomahawks (quivered)
Armour
 d - a +0 cloak (worn)
 M - a +2 pair of gloves (worn)
 Q - a +0 leather armour of magic resistance (worn)
Jewellery
 j - an amulet of regeneration (around neck)
 n - an uncursed ring of poison resistance {unknown}
 o - a ring of protection from magic (left hand)
 K - an uncursed ring of fire
Wands
 m - a wand of digging (15/24)
 D - a wand of confusion (11/48)
 F - a wand of disintegration (10/24)
 G - a wand of flame (28/48)
 P - a wand of slowing (11/48)
 S - a wand of flame (30/48)
Scrolls
 i - 3 scrolls of immolation {unknown}
 k - 2 scrolls of amnesia {unknown}
 p - a scroll of blinking {unknown}
 q - 2 scrolls of remove curse {unknown}
 s - 2 scrolls of fear {unknown}
 v - a scroll of enchant armour {unknown}
 w - 2 scrolls of enchant weapon {unknown}
 x - a scroll of random uselessness {unknown}
 y - a scroll of teleportation {unknown}
 O - a scroll of noise {unknown}
 W - a scroll of magic mapping {unknown}
 Z - 2 scrolls of fog {unknown}
Potions
 c - 2 potions of degeneration {unknown}
 u - a potion of beneficial mutation {unknown}
 z - 2 potions of flight {unknown}
 A - 3 potions of magic {unknown}
 B - 2 potions of might
 C - a potion of berserk rage {unknown}
 E - 2 potions of brilliance {unknown}
 H - a potion of lignification {unknown}
 J - a potion of curing {unknown}
 T - a potion of haste {unknown}
Books
 N - a book of Party Tricks

   Spells                             Type                      Level
   a - Summon Butterflies             Summoning                    1
   b - Apportation                    Translocation                1
   c - Tukima's Dance                 Hexes                        3
   d - Alistair's Intoxication        Transmutation/Poison         5
   e - Invisibility                   Hexes                        6
Comestibles
 g - 5 bread rations
 l - 3 meat rations
 r - 3 chunks of flesh
 t - 3 slices of pizza
 L - a royal jelly
 U - 2 beef jerkies
 V - 2 fruits

Dungeon Overview and Level Annotations

Branches:
Dungeon (7/15)             Temple (1/1) D:6

Altars:
Ashenzari
Cheibriados
Dithmenos
Elyvilon
Fedhas
Gozag
Kikubaaqudgha
Makhleb
Pakellas
Qazlal
Ru
Sif Muna
Trog
Vehumet
Yredelemnul
The Shining One

Annotations:
D:5 Prince Ribbit

#.......#######
#.............# ##
#####.........# #.
#.........# #.
#.........# #.
#.........# #. .
#.........# #.
....#####..[......#####.
....yyy@..............<.
....#####.........####..
# #.........# #..
#.........####..
............##..
####......#.##.#
#......#..#.#
#......##.#.#
#......##.#.#


You could see 3 killer bees.


Message History

The killer bee stings you but does no damage.
The killer bee closely misses you.
Attack whom?
Press: ? - help, Dir - move target cursor, f/p - killer bee
Aim: a killer bee (moderately wounded)
The killer bee is in the way.
You hit the killer bee.
The killer bee is almost dead.
You feel sick. The killer bee barely misses you.
The killer bee stings you but does no damage.
The killer bee stings you.
* * * LOW HITPOINT WARNING * * *
You are more poisoned.
The killer bee poisons you!
Attack whom?
Press: ? - help, Dir - move target cursor, f/p - killer bee
Aim: a killer bee (moderately wounded)
You reach to attack!
You miss the killer bee.
The killer bee is moderately wounded.
You feel sick. The killer bee barely misses you. The killer bee stings you!
You die...

Action                   |  1- 3 |  4- 6 |  7- 9 || total
-------------------------+-------+-------+-------++-------
Melee: Dagger            |   115 |   233 |   216 ||   564
       Bite              |    29 |    55 |    69 ||   153
       Flail             |       |       |     2 ||     2
       Trident           |       |       |    31 ||    31
 Fire: Blowgun           |       |     1 |    39 ||    40
  Use: Scroll            |       |     2 |     3 ||     5
 Stab: Sleeping          |    10 |     5 |    18 ||    33
  Eat: Chunk             |       |     3 |    10 ||    13
Armor: Robe              |    34 |    38 |    11 ||    83
       Leather armour    |       |       |    41 ||    41
Dodge: Dodged            |    59 |    87 |    86 ||   232

Vault maps used:
D:1:      minmay_arrival_jagged, corexii_leaking_fountain
D:2:      minmay_door_path, grunt_pakellas_basics, uniq_crazy_yiuf_cottage,
          uniq_iyjb
D:3:      first_bread, uniq_natasha, uniq_jessica
D:4:      nicolae_ru_great_annihilating_truth, uniq_blork_the_orc, uniq_pikel
D:5:      tgw_sif, uniq_edmund, uniq_eustachio, uniq_prince_ribbit1
D:6:      temple_statues
Temple:   hc_temple_tempest_star

Notes
Turn   | Place    | Note
--------------------------------------------------------------
     0 | D:1      | zeroDi the Vine Stalker Assassin began the quest for the Orb.
     0 | D:1      | Reached XP level 1. HP: 11/11 MP: 2/2
    29 | D:1      | Reached skill level 2 in Short Blades
    56 | D:1      | Reached XP level 2. HP: 13/15 MP: 3/3
   342 | D:1      | Reached skill level 3 in Short Blades
   368 | D:1      | Reached XP level 3. HP: 18/18 MP: 4/4
   919 | D:2      | Reached XP level 4. HP: 19/23 MP: 5/5
   948 | D:2      | Noticed Ijyb
   983 | D:2      | Killed Ijyb
   983 | D:2      | Reached skill level 4 in Short Blades
  1044 | D:2      | Found an oddly glowing altar of Pakellas.
  1070 | D:2      | Noticed Crazy Yiuf
  1086 | D:2      | Killed Crazy Yiuf
  1086 | D:2      | Reached XP level 5. HP: 14/26 MP: 2/6
  1420 | D:3      | Noticed Nanban's ghost (amateur DrSu)
  1511 | D:3      | Killed Nanban's ghost
  1511 | D:3      | Reached skill level 5 in Short Blades
  1511 | D:3      | Gained mutation: You heal very quickly. [Vine Stalker growth]
  1511 | D:3      | Reached XP level 6. HP: 28/30 MP: 7/7
  1544 | D:3      | Noticed Natasha
  1556 | D:3      | Killed Natasha
  1568 | D:3      | Noticed Jessica
  1613 | D:3      | Killed Jessica
  1615 | D:3      | Noticed Natasha
  1626 | D:3      | Killed Natasha
  1626 | D:3      | Reached skill level 6 in Short Blades
  1670 | D:3      | Noticed Natasha
  1671 | D:3      | Reached skill level 5 in Stealth
  1717 | D:3      | Killed Natasha
  1816 | D:3      | Reached skill level 6 in Stealth
  1820 | D:3      | Reached XP level 7. HP: 13/34 MP: 5/8
  2638 | D:4      | Noticed Blork the orc
  2642 | D:4      | Killed Blork the orc
  2642 | D:4      | Reached skill level 7 in Stealth
  2704 | D:4      | Found a sacrificial altar of Ru.
  2756 | D:4      | Noticed Pikel
  2805 | D:4      | Killed Pikel
  2805 | D:4      | Reached skill level 10 in Stealth
  2805 | D:4      | Gained mutation: You have razor-sharp teeth. [Vine Stalker growth]
  2805 | D:4      | Reached XP level 8. HP: 38/38 MP: 9/9
  3256 | D:5      | Entered Level 5 of the Dungeon
  3364 | D:5      | Noticed Eustachio
  3365 | D:5      | Reached skill level 2 in Throwing
  3478 | D:5      | Killed Eustachio
  3545 | D:5      | Noticed Prince Ribbit
  3594 | D:5      | Noticed Edmund
  3600 | D:5      | Killed Edmund
  3600 | D:5      | Reached skill level 7 in Short Blades
  3625 | D:5      | Reached skill level 3 in Throwing
  3972 | D:6      | Reached XP level 9. HP: 42/42 MP: 10/10
  3994 | D:6      | Found a staircase to the Ecumenical Temple.
  4048 | Temple   | Entered the Ecumenical Temple
  4479 | D:6      | Reached skill level 8 in Short Blades
  4701 | D:6      | Reached skill level 4 in Throwing
  4949 | D:7      | Got a brightly glowing trident
  4950 | D:7      | Identified the cursed +3 trident "Niffoczo" {pierce, *Contam rPois MP+9 Int+4} (You found it on level 7 of the Dungeon)
  5034 | D:7      | Slain by a killer bee

Vanquished Creatures
  Pikel (D:4)
  Eustachio (D:5)
  Edmund (D:5)
  3 ogres
  The ghost of Nanban the Caller, an amateur DrSu (D:3)
  Blork the orc (D:4)
  2 giant frogs (D:6)
  3 scorpions
  A killer bee (D:7)
  A howler monkey (D:6)
  3 crimson imps
  3 orc wizards
  Crazy Yiuf (D:2)
  An orc priest (D:3)
  5 hounds
  Jessica (D:3)
  2 iguanas (D:7)
  Ijyb (D:2)
  Natasha (thrice) (D:3)
  2 worker ants (D:7)
  9 adders
  2 worms
  4 dart slugs
  4 giant geckos
  9 orcs
  9 giant cockroaches
  3 goblins
  4 hobgoblins
  9 jackals
  A quokka (D:6)
  3 ball pythons
  5 bats
  3 giant newts
  A jackal skeleton (D:5)
  A jackal zombie (D:6)
  10 kobolds
  8 rats
122 creatures vanquished.

Vanquished Creatures (others)
  A slave (D:4)
  A centaur skeleton (D:4)
  A worker ant (D:4)
3 creatures vanquished.

Grand Total: 125 creatures vanquished
